 Dungeon Crawl Stone Soup version 0.18-a0-824-g47fe746 (webtiles) character file.

804 Raultor the Skirmisher (level 7, -1/55 HPs)
             Began as a Demonspawn Gladiator on Dec 17, 2015.
             Slain by a gnoll
             ... wielding a +0 spear
              (4 damage)
             ... on level 4 of the Dungeon.
             The game lasted 00:11:14 (3687 turns).

Raultor the Skirmisher (Demonspawn Gladiator)       Turns: 3687, Time: 00:11:14

Health: -1/55      AC:  4    Str: 19    XL:     7   Next: 60%
Magic:  7/7        EV: 12    Int: 10    God:
Gold:   280        SH:  0    Dex: 18    Spells: 0 memorised, 6 levels left

rFire  . . .     SeeInvis .     a - +0 long sword
rCold  . . .     Gourm    .     x - +3 scale mail
rNeg   . . .     Faith    .     (no shield)
rPois  .         Spirit   .     c - +0 helmet
rElec  .         Dismiss  .     (no cloak)
rCorr  .         Reflect  .     (no gloves)
SustAt .         Harm     .     e - +0 pair of boots
MR     .....                    (no amulet)
Stlth  ++........               k - +2 ring of strength
                                b - +5 ring of dexterity

@: lethally poisoned (-1 -> -2), corroded equipment, repel missiles, not
resistant to hostile enchantments, unstealthy
A: repulsion field 3, nightstalker 2
a: no special abilities


You were on level 4 of the Dungeon.
You were not hungry.

You visited 1 branch of the dungeon, and saw 4 of its levels.

You collected 280 gold pieces.

Inventory:

Hand Weapons
 a - a +0 long sword (weapon)
Missiles
 d - 5 throwing nets {=f, !d}
 m - 6 needles of sleeping
Armour
 c - a +0 helmet (worn)
 e - a +0 pair of boots (worn)
   (You found it on level 1 of the Dungeon)
 h - a +1 chain mail of magic resistance
   (You found it on level 1 of the Dungeon)
 x - a +3 scale mail (worn)
   (You took it off an orc on level 3 of the Dungeon)
Jewellery
 b - a +5 ring of dexterity (left hand)
   (You found it on level 1 of the Dungeon)
 k - a +2 ring of strength (right hand)
   (You found it on level 1 of the Dungeon)
Scrolls
 g - a scroll of noise {unknown}
 o - a scroll of immolation {unknown}
 q - 2 scrolls of magic mapping {unknown}
 r - a scroll of fog {unknown}
 s - 2 scrolls of remove curse {unknown}
 u - a scroll of identify {unknown}
 v - a scroll of blinking {unknown}
 w - 3 scrolls of random uselessness {unknown}
 y - a scroll of teleportation {unknown}
 B - a scroll of enchant armour {unknown}
Potions
 i - a potion of magic
 l - a potion of berserk rage {unknown}
 p - a potion of might {unknown}
 t - 2 potions of brilliance {unknown}
Comestibles
 f - 2 bread rations {@e1}
 j - 2 beef jerkies
 A - a meat ration {@e2}


   Skills:
 + Level 4.7 Fighting
 + Level 4.7 Long Blades
 - Level 1.7 Throwing
 + Level 3.4 Armour
 + Level 4.7 Dodging


You had 6 spell levels left.
You didn't know any spells.

Dungeon Overview and Level Annotations

Branches:
Dungeon (4/15)
 Temple: D:4-7

Altars:
Elyvilon
Pakellas


Innate Abilities, Weirdness & Mutations

You are surrounded by a strong repulsion field (EV +4, rMsl).
You are significantly more attuned to the shadows.


Message History

Health restored: 55 The ogre shouts!
You slash the ogre! The ogre closely misses you.
You hit the ogre but do no damage. The ogre misses you.
You slash the ogre! The ogre misses you.
You are near starving!
You hit the ogre. The ogre closely misses you.
You slash the ogre!
You kill the ogre!
You see here a giant spiked club.
Eat which item? (? for menu, Esc to quit)
You continue eating. x2
You finish eating.
That bread ration really hit the spot!
A jelly comes into view.
The jelly quivers.
The jelly moves out of view. 2 gnolls come into view.
The gnoll shouts!
You hit the jelly.
Your hands burn!
The jelly closely misses you. The gnoll closely misses you.
You take 4 damage, and have 51/55 hp.
The jelly jiggles.
A worker ant comes into view.
The jelly misses you. The worker ant closely misses you.
The worker ant misses you.
You hit the worker ant.
The worker ant bites you but does no damage.
The worker ant bites you.
You are poisoned.
The worker ant poisons you!
You take 3 damage, and have 51/55 hp.
You closely miss the worker ant.
You feel sick.
The worker ant bites you but does no damage.
You take 1 damage, and have 50/55 hp.
You completely miss the worker ant.
You feel sick.
The worker ant bites you but does no damage. x2
You take 1 damage, and have 49/55 hp.
You barely miss the worker ant.
You feel sick.
The worker ant bites you but does no damage.
You take 1 damage, and have 48/55 hp.
Your scale mail prevents you from hitting the worker ant.
You feel sick. The worker ant barely misses you. The worker ant misses you.
You take 1 damage, and have 47/55 hp.
You hit the worker ant.
You feel sick.
The worker ant bites you but does no damage.
You slash the worker ant! The worker ant bites you.
You are more poisoned.
The worker ant poisons you!
You take 3 damage, and have 44/55 hp.
You hit the worker ant.
You kill the worker ant!
You feel sick.
You take 2 damage, and have 42/55 hp.
You hit the jelly.
Your hands burn!
You feel sick. The jelly misses you. The gnoll misses you.
You take 6 damage, and have 36/55 hp.
You hit the jelly. The acid corrodes you!
Your hands burn!
You feel sick. The jelly closely misses you.
The gnoll hits you from afar with a spear.
You take 9 damage, and have 27/55 hp.
You are too injured to fight recklessly!
Unknown command.
You are too injured to fight recklessly!
You hit the jelly but do no damage.
Your hands burn!
You feel sick. The jelly closely misses you. The gnoll closely misses you.
The jelly misses you. The gnoll misses you.
You take 3 damage, and have 24/55 hp.
You hit the jelly.
Your hands burn!
You feel sick. The jelly barely misses you. The gnoll misses you.
You take 5 damage, and have 19/55 hp.
You hit the jelly but do no damage. The acid corrodes you!
Your hands burn!
* * * LOW HITPOINT WARNING * * *
You feel sick. The jelly closely misses you.
The gnoll hits you from afar with a spear!
* * * LOW HITPOINT WARNING * * *
You take 11 damage, and have 8/55 hp.
You slash the jelly!
You kill the jelly!
You feel sick. The gnoll misses you.
You take 1 damage, and have 7/55 hp.
You feel sick.
You take 1 damage, and have 6/55 hp.
You feel sick.
You take 1 damage, and have 6/55 hp.
You feel sick.
You take 1 damage, and have 5/55 hp.
You feel sick.
You take 1 damage, and have 4/55 hp.
You feel sick.
You take 1 damage, and have 4/55 hp.
You feel sick.
You take 1 damage, and have 3/55 hp.
You feel sick.
You take 1 damage, and have 3/55 hp.
You feel sick.
You take 1 damage, and have 2/55 hp.
There is a stone staircase leading up, spattered with blood here.
The gnoll hits you from afar with a spear.
You die...

##..#####................
###..## ###..............
##...## #####...............
##...#####...................
##...###......................
###..###
#.....g..............##
##...## #...................##
#...## #.....@..............##
...## ##.....)..............#
.### ####........##.#..#### ##
###...########## #####


You could see a gnoll.

Vanquished Creatures
  Sigmund (D:3)
  Eustachio (D:4)
  An ogre (D:4)
  A scorpion (D:4)
  A jelly (D:4)
  A giant frog skeleton (D:4)
  An orc priest (D:3)
  2 centaur skeletons (D:4)
  Terence (D:2)
  An orc wizard (D:3)
  2 worker ants (D:4)
  3 adders (D:3)
  An ooze (D:1)
  4 giant geckos
  15 orcs
  3 giant cockroaches (D:1)
  10 goblins
  8 hobgoblins
  5 jackals
  A quokka (D:3)
  A ball python (D:4)
  3 bats
  6 giant newts
  7 kobolds
  6 rats
86 creatures vanquished.

Notes
Turn   | Place    | Note
--------------------------------------------------------------
     0 | D:1      | Raultor the Demonspawn Gladiator began the quest for the Orb.
     0 | D:1      | Reached XP level 1. HP: 16/16 MP: 1/1
   277 | D:1      | Gained mutation: You are surrounded by a mild repulsion field (EV +2). [demonic ancestry]
   277 | D:1      | Reached XP level 2. HP: 15/22 MP: 2/2
   675 | D:1      | Reached skill level 3 in Long Blades
   730 | D:1      | Reached XP level 3. HP: 26/28 MP: 3/3
   808 | D:2      | Reached skill level 1 in Armour
   956 | D:2      | Found a white marble altar of Elyvilon.
  1118 | D:2      | Noticed Terence
  1124 | D:2      | Killed Terence
  1124 | D:2      | Reached skill level 3 in Dodging
  1328 | D:3      | Noticed Sigmund
  1385 | D:3      | Gained mutation: You are surrounded by a moderate repulsion field (EV +3). [demonic ancestry]
  1385 | D:3      | Reached XP level 4. HP: 29/34 MP: 4/4
  1651 | D:3      | Reached skill level 3 in Fighting
  1670 | D:3      | Killed Sigmund
  1670 | D:3      | Reached skill level 2 in Armour
  1670 | D:3      | Gained mutation: You are surrounded by a strong repulsion field (EV +4, rMsl). [demonic ancestry]
  1670 | D:3      | Reached XP level 5. HP: 20/41 MP: 5/5
  1843 | D:3      | Gained mutation: You are slightly more attuned to the shadows. [demonic ancestry]
  1843 | D:3      | Reached XP level 6. HP: 47/47 MP: 6/6
  2228 | D:3      | Reached skill level 4 in Dodging
  2508 | D:4      | Reached skill level 4 in Fighting
  2508 | D:4      | Reached skill level 4 in Long Blades
  2620 | D:4      | Found an oddly glowing altar of Pakellas.
  2863 | D:4      | Noticed Eustachio
  2892 | D:4      | HP: 9/48 [iron imp[Eustachio] (7)]
  3112 | D:4      | HP: 3/48 [shadow imp/nerve-wracking pain[Eustachio] (10)]
  3118 | D:4      | Killed Eustachio
  3118 | D:4      | Reached skill level 3 in Armour
  3118 | D:4      | Gained mutation: You are significantly more attuned to the shadows. [demonic ancestry]
  3118 | D:4      | Reached XP level 7. HP: 7/55 MP: 7/7
  3666 | D:4      | HP: 8/55 [gnoll/spear (7)]
  3671 | D:4      | HP: 5/55 [poisoned by a worker ant]
  3676 | D:4      | HP: 4/55 [poisoned by a worker ant]
  3682 | D:4      | HP: 3/55 [poisoned by a worker ant]
  3687 | D:4      | Slain by a gnoll

Vault maps used:
D:1:      co_arrival_two_rings
D:2:      kennysheep_small_spiral, elyvilon_altar_5, uniq_terence
D:3:      first_bread, serial_park_tiny_2, uniq_sigmund
D:4:      grunt_pakellas_salt, uniq_eustachio

Action                   |  1- 3 |  4- 6 |  7- 9 || total
-------------------------+-------+-------+-------++-------
Melee: Long sword        |   120 |   233 |    31 ||   384
  Use: Potion            |       |     7 |       ||     7
 Stab: Invisible         |       |     3 |       ||     3
       Distracted        |       |       |     1 ||     1
  Eat: Chunk             |     2 |     5 |     1 ||     8
       Bread ration      |       |       |     1 ||     1

Vault maps used:
D:1:      co_arrival_two_rings
D:2:      kennysheep_small_spiral, elyvilon_altar_5, uniq_terence
D:3:      first_bread, serial_park_tiny_2, uniq_sigmund
D:4:      grunt_pakellas_salt, uniq_eustachio

Table legend:
 A = Turns spent in this place as a percentage of turns spent in the entire game.
 B = Non-inter-level travel turns spent in this place as a percentage of non-inter-level travel turns spent in the entire game.
 C = Inter-level travel turns spent in this place as a percentage of turns spent in this place.
 D = Turns resting spent in this place as a percentage of non-inter-level travel turns spent in this place.
 E = Turns spent auto-exploring this place as a percentage of non-inter-level travel turns spent in this place.
 F = Non-inter-level travel turns spent in this place divided by the number of levels of this place that you've seen.
                   A       B       C       D       E      F
               +-------+-------+-------+-------+-------+----------------------
         Total | 100.0 | 100.0 |   0.5 |   2.6 |  11.1 | 237.5
       Dungeon | 100.0 | 100.0 |   0.5 |   2.6 |  11.1 | 237.5
               +-------+-------+-------+-------+-------+----------------------

Table legend:
 A = Kills in this place as a percentage of kills in entire the game.
 B = Kills by you in this place as a percentage of kills by you in the entire game.
 C = Kills by friends in this place as a percentage of kills by friends in the entire game.
 D = Other kills in this place as a percentage of other kills in the entire game.
 E = Experience gained in this place as a percentage of experience gained in the entire game.
 F = Experience gained in this place divided by the number of levels of this place that you have seen.
                   A       B       C       D       E      F
               +-------+-------+-------+-------+-------+----------------------
         Total | 100.0 | 100.0 |  -nan |  -nan | 100.0 | 287.2
       Dungeon | 100.0 | 100.0 |  -nan |  -nan | 100.0 | 287.2
               +-------+-------+-------+-------+-------+----------------------
